 Dungeon Crawl Stone Soup version 0.18-a0-1197-g8004e50 (webtiles) character file.

28 M4edhros the Sneak (level 3, -14/21 HPs)
             Began as an Octopode Enchanter on Jan 30, 2016.
             Demolished by an ogre
             ... wielding a +0 giant spiked club
              (28 damage)
             ... on level 4 of the Dungeon.
             The game lasted 00:02:17 (1218 turns).

M4edhros the Sneak (Octopode Enchanter)             Turns: 1218, Time: 00:02:18

Health: -14/21     AC:  1    Str:  7    XL:     3   Next: 14%
Magic:  3/6        EV: 12    Int: 18    God:
Gold:   63         SH:  0    Dex: 12    Spells: 2 memorised, 2 levels left

rFire  . . .     SeeInvis .     a - +1 dagger
rCold  . . .     Gourm    .     (no shield)
rNeg   . . .     Faith    .     (helmet restricted)
rPois  .         Spirit   .     (no amulet)
rElec  .         Dismiss  .     (no ring)
rCorr  .         Reflect  .     (no ring)
SustAt .         Harm     .     (no ring)
MR     .....                    (no ring)
Stlth  ++++......               (no ring)
                                (no ring)
                                (no ring)
                                (no ring)

@: not resistant to hostile enchantments, stealthy
A: almost no armour, amphibious, 8 rings, constrict 8, camouflage 1, gelatinous
body 1
a: no special abilities


You were on level 4 of the Dungeon.
You were hungry.

You visited 1 branch of the dungeon, and saw 4 of its levels.

You collected 63 gold pieces.

Inventory:

Hand Weapons
 a - a +1 dagger (weapon)
Scrolls
 d - 3 scrolls of identify {unknown}
 h - 2 scrolls of magic mapping {unknown}
 k - 2 scrolls of random uselessness
Potions
 e - a potion of heal wounds {unknown}
 f - a potion of ambrosia {unknown}
 g - 3 potions of curing {unknown}
 i - a potion of poison {unknown}
Books
 b - a book of Maledictions

   Spells                             Type                      Level
   a - Corona                         Hexes                        1
   b - Ensorcelled Hibernation        Hexes/Ice                    2
   c - Confuse                        Hexes                        3
   d - Tukima's Dance                 Hexes                        3
   e - Dazzling Spray                 Conjuration/Hexes            3
 j - a book of Enchantments

   Spells                             Type                      Level
   a - Cause Fear                     Hexes                        4
   b - Yara's Violent Unravelling     Hexes/Transmutation          5
   c - Silence                        Hexes/Air                    5
   d - Deflect Missiles               Charms/Air                   6
   e - Haste                          Charms                       6
   f - Discord                        Hexes                        8
Comestibles
 c - a bread ration


   Skills:
 - Level 1.0 Short Blades
 * Level 2.7 Dodging
 * Level 5.0 Stealth
 - Level 2.0 Spellcasting
 + Level 3.0 Hexes


You had 2 spell levels left.
You knew the following spells:

 Your Spells              Type           Power        Failure   Level  Hunger
a - Corona                Hex            ##.....      6%          1    #......
b - Confuse               Hex            ##......     17%         3    ###....


Dungeon Overview and Level Annotations

Branches:
Dungeon (4/15)
 Temple: D:4-7

Altars:

Annotations:
D:3 Duffy's ghost, amateur DrMo; Terence


Innate Abilities, Weirdness & Mutations

You cannot wear most types of armour.
You are amphibious.
You can wear up to eight rings at the same time.
You can use your tentacles to constrict eight enemies at once.
Your skin changes colour to match your surroundings (Stealth).
Your rubbery body absorbs attacks (AC +1).


Message History

A giant cockroach comes into view.
Your butterfly disappears in a puff of smoke!
Found 12 gold pieces.
Memorise Confuse, consuming 3 spell levels and leaving 2?
You start memorising the spell.
You continue memorising. x2
The ogre barely misses you.
You continue memorising.
You finish memorising.
Spell assigned to 'b'.
Casting: Corona
Confirm with . or Enter, or press ? or * to list all spells.
Okay, then.
Casting: Corona
Confirm with . or Enter, or press ? or * to list all spells.
Aiming: Confuse
Press: ? - help, Shift-Dir - straight line, f - ogre
Aim: an ogre, wielding a giant spiked club (chance to defeat MR: 43%)
The ogre resists with some effort.
The ogre hits you with a giant spiked club!!
Ouch! That really hurt!
You die...

#....#........#...........#
#....#.ยง......#...........#
#...##........##...###....#
#...#.....#'#####'####....#
....#.....#...............#
....#...O.#...............#
....#.....#...............#
.##.#.....###+########+####
###........O@.......
#.................
#...........$.....
#.................
#.................
.......############
#..s....# #.......#


You could see an ogre.

Vanquished Creatures
  2 worms
  2 ball pythons
  4 bats
  2 giant cockroaches
  3 goblins
  3 kobolds
  3 giant newts
  4 rats
23 creatures vanquished.

Notes
Turn   | Place    | Note
--------------------------------------------------------------
     0 | D:1      | M4edhros the Octopode Enchanter began the quest for the Orb.
     0 | D:1      | Reached XP level 1. HP: 11/11 MP: 3/3
   141 | D:1      | Reached XP level 2. HP: 17/17 MP: 5/5
   660 | D:3      | Reached XP level 3. HP: 17/21 MP: 6/6
   671 | D:3      | Noticed Terence
   729 | D:3      | Noticed Duffy's ghost (amateur DrMo)
   871 | D:4      | Reached skill level 5 in Stealth
  1133 | D:4      | Noticed an ogre
  1218 | D:4      | Learned a level 3 spell: Confuse
  1218 | D:4      | Demolished by an ogre

Vault maps used:
D:1:      tarquinn_simple_flora_water_d
D:3:      kennysheep_big_flooded_room, first_bread, serial_bayou_pond_c,
          minmay_misc_feat_roman, uniq_terence
D:4:      nicolae_overflow_crystal_walls, zin_angel

Action                   || total
-------------------------++-------
Melee: Dagger            ||    41
 Cast: Confuse           ||     1
  Use: Scroll            ||     1
 Stab: Sleeping          ||    11
